Map: Lerilak Crest

Players

Elazer - Winner!

  • Race: Zerg Zerg
  • League: Grandmaster

Nice

  • Race: Protoss Protoss

Event: DreamHack ZOWIE Open Leipzig

VOD

Have the link to the VOD?

Description

Time

  • Played on: Jan. 22, 2016, 8:17 a.m.
  • Length: 7:11

All games in this series

Show
View Real Time Build Order
Export as new Build Order

Elazer Zerg - Winner!

Build Orders: Hatch First 

Get SALT Encoding   

  12  0:00  Drone  
  13  0:11  Overlord  
  13  0:16  Drone  
  14  0:30  Drone x2  
  14  0:34  Drone  
  17  0:51  Hatchery  
  17  0:54  Drone  
  17  0:57  Drone  
  18  1:08  Extractor  
  17  1:12  Spawning Pool  
  17  1:15  Drone  
  17  1:19  Drone  
  18  1:27  Drone  
  19  1:38  Overlord  
  19  1:50  Drone  
  20  1:58  Queen  
  20  1:59  Drone  
  23  2:02  Queen  
  23  2:03  Zergling x2  
  26  2:11  Metabolic Boost  
  26  2:13  Drone  
  26  2:14  Drone  
  28  2:27  Drone x2  
  30  2:38  Hatchery  
  30  2:41  Queen  
  31  2:52  Zergling x2  
  31  2:53  Zergling x6  
  31  2:55  Overlord  
  35  3:00  Drone  
  36  3:15  Zergling x4  
  36  3:16  Zergling x2  
  36  3:17  Zergling x2  
  40  3:23  Overlord  
  40  3:27  Drone x4  
  44  3:35  Spore Crawler  
  44  3:36  Spore Crawler  
  44  3:38  Drone  
  44  3:39  Drone  
  43  3:45  Drone  
  42  3:49  Drone x3  
  42  3:50  Drone  
  42  3:54  Drone  
  47  4:02  Drone x3  
  47  4:03  Extractor  
  47  4:04  Overlord  
  47  4:05  Extractor  
  47  4:07  Drone  
  45  4:10  Roach Warren  
  45  4:13  Spore Crawler, Drone x3  
  46  4:23  Drone x4  
  46  4:24  Drone  
  51  4:28  Overlord  
  51  4:30  Drone x2  
  53  4:34  Extractor  
  52  4:40  Drone  
  52  4:43  Drone x4  
  52  4:44  Lair  
  57  4:51  Overlord  
  57  4:59  Roach x3  
  63  5:01  Roach  
  63  5:03  Spore Crawler  
  63  5:04  Drone  
  63  5:05  Drone x2  
  63  5:06  Drone x3  
  68  5:11  Overlord  
  68  5:16  Roach x2  
  68  5:17  Roach  
  68  5:21  Queen  
  74  5:25  Queen  
  78  5:31  Roach x3  
  83  5:37  Roach x3  
  83  5:40  Zergling x2  
  83  5:41  Overlord  
  83  5:42  Overlord  
  88  5:49  Zergling x2  
  82  6:05  Zergling x6  
  82  6:06  Roach x3  
  82  6:08  Zergling x12  
  94  6:23  Zergling x10  
  98  6:31  Zergling x2  
  98  6:32  Zergling x2  
  100  6:33  Zergling x6  
  100  6:39  Zergling x4  
  105  6:41  Overlord  
  105  6:42  Overlord  
  105  6:44  Extractor  
  105  6:45  Ravager x2, Extractor  
  107  6:50  Hatchery  
  103  7:03  Ravager x2  
  111  7:11  Ravager  
Show
View Real Time Build Order
Export as new Build Order

Nice Protoss 

Build Orders: Oracle Opening 

Get SALT Encoding   

  12  0:01  Probe (Chrono Boost)  
  13  0:11  Probe (Chrono Boost)  
  14  0:17  Pylon  
  14  0:22  Probe (Chrono Boost)  
  16  0:35  Probe (Chrono Boost)  
  16  0:39  Gateway  
  16  0:46  Probe (Chrono Boost)  
  17  0:52  Assimilator  
  17  0:56  Probe (Chrono Boost)  
  18  0:58  Assimilator  
  18  1:07  Probe (Chrono Boost)  
  19  1:11  Gateway  
  19  1:17  Probe (Chrono Boost)  
  20  1:28  Probe (Chrono Boost)  
  20  1:32  Cybernetics Core  
  21  1:35  Pylon  
  21  1:39  Probe (Chrono Boost)  
  22  1:50  Probe (Chrono Boost)  
  23  2:09  Stargate  
  23  2:10  Adept (Chrono Boost)  
  23  2:14  Adept (Chrono Boost)  
  27  2:20  Warp Gate  
  27  2:31  Pylon  
  27  2:34  Adept (Chrono Boost)  
  29  2:40  Adept (Chrono Boost)  
  31  2:56  Oracle (Chrono Boost)  
  34  3:08  Nexus  
  34  3:09  Probe  
  35  3:19  Pylon  
  35  3:26  Mothership Core  
  37  3:28  Adept  
  39  3:47  Oracle (Chrono Boost)  
  38  3:51  Probe (Chrono Boost)  
  38  4:03  Probe (Chrono Boost)  
  38  4:06  Adept x2  
  42  4:13  Probe (Chrono Boost)  
  43  4:24  Probe (Chrono Boost)  
  44  4:25  Probe (Chrono Boost)  
  45  4:33  Pylon  
  45  4:34  Probe (Chrono Boost)  
  45  4:35  Probe (Chrono Boost)  
  47  4:44  Adept x2  
  47  4:45  Probe (Chrono Boost)  
  52  4:46  Probe (Chrono Boost)  
  53  4:53  Robotics Facility  
  53  4:55  Probe (Chrono Boost)  
  53  4:56  Probe (Chrono Boost)  
  55  5:06  Probe (Chrono Boost), Adept x2  
  59  5:11  Probe (Chrono Boost)  
  59  5:17  Pylon  
  59  5:22  Probe x2 (Chrono Boost)  
  61  5:31  Assimilator  
  61  5:32  Probe (Chrono Boost)  
  61  5:33  Assimilator  
  63  5:35  Probe (Chrono Boost)  
  60  5:43  Probe (Chrono Boost)  
  60  5:44  Robotics Bay  
  60  5:46  Probe (Chrono Boost)  
  60  5:54  Probe (Chrono Boost)  
  60  5:56  Probe (Chrono Boost)  
  63  6:04  Probe (Chrono Boost)  
  63  6:08  Probe (Chrono Boost)  
  62  6:15  Probe (Chrono Boost)  
  62  6:16  Void Ray (Chrono Boost)  
  62  6:17  Probe (Chrono Boost)  
  52  6:18  Warp Prism (Chrono Boost)  
  52  6:23  Adept x2  
  56  6:29  Pylon  
  56  6:38  Pylon  
  56  6:41  Pylon  
  56  6:51  Stalker x2  

Tags
 
Add a new tag
Caveats
  • Supply blocks, unpowered buildings, or Contaminate may cause inaccurate times.
  • Supply counts are checked every 10 seconds.